 Dungeon Crawl Stone Soup version 0.22.0 (webtiles) character file.

89 Blackhawk the Shield-Bearer (level 4, -8/41 HPs)
             Began as a Gnoll Fighter on Oct 21, 2018.
             Killed by divine providence
             ... invoked by an orc priest
              (12 damage)
             ... on level 3 of the Dungeon.
             The game lasted 00:02:08 (1352 turns).

Blackhawk the Shield-Bearer (Gnoll Fighter)         Turns: 1352, Time: 00:02:09

Health: -8/41      AC:  7    Str: 20    XL:     4   Next: 55%
Magic:  5/5        EV:  8    Int: 10    God:
Gold:   83         SH: 10    Dex: 14    Spells: 5/5 levels left

rFire    . . .     SeeInvis .   a - +0 war axe
rCold    . . .     Gourm    .   c - +0 shield
rNeg     . . .     Faith    .   b - +0 scale mail
rPois    .         Spirit   .   (no helmet)
rElec    .         Reflect  .   (no cloak)
rCorr    .         Harm     .   (no gloves)
MR       .....                  (no boots)
Stlth    ..........             (no amulet)
HPRegen  0.13/turn              (no ring)
MPRegen  0.09/turn              (no ring)

@: no status effects
A: distributed training, fangs 1, strong nose
a: no special abilities


You were on level 3 of the Dungeon.
You were not hungry.

You visited 1 branch of the dungeon, and saw 3 of its levels.

You collected 83 gold pieces.

Inventory:

Hand Weapons
 a - a +0 war axe (weapon)
Missiles
 j - 26 stones (quivered)
Armour
 b - a +0 scale mail (worn)
 c - a +0 shield (worn)
Jewellery
 e - a +3 ring of strength {unknown}
 l - a +6 ring of protection {unknown}
 o - a +6 ring of dexterity {unknown}
Scrolls
 m - a scroll of fog {unknown}
 n - 4 scrolls of immolation {unknown}
 p - a scroll of identify {unknown}
 q - 2 scrolls of teleportation {unknown}
 r - a scroll of blinking {unknown}
 s - a scroll of random uselessness {unknown}
 u - a scroll of enchant armour {unknown}
 v - a scroll of magic mapping {unknown}
 y - a scroll of fear {unknown}
Potions
 d - a potion of might
 g - a potion of curing {unknown}
 h - a potion of cancellation {unknown}
 i - a potion of ambrosia {unknown}
 k - a potion of invisibility {unknown}
 t - a potion of heal wounds {unknown}
 x - 2 potions of mutation {unknown}
 z - a potion of brilliance {unknown}
Comestibles
 f - 6 rations
 w - 2 chunks of flesh


   Skills:
 + Level 6.6 Fighting
 + Level 1.1 Short Blades
 + Level 1.1 Long Blades
 + Level 4.6 Axes
 + Level 1.1 Maces & Flails
 + Level 1.1 Polearms
 + Level 1.1 Staves
 + Level 1.1 Slings
 + Level 1.1 Bows
 + Level 1.1 Crossbows
 + Level 1.1 Throwing
 + Level 6.6 Armour
 + Level 1.1 Dodging
 + Level 1.1 Stealth
 + Level 6.6 Shields
 + Level 1.1 Unarmed Combat
 + Level 1.1 Spellcasting
 + Level 0.9 Conjurations
 + Level 0.9 Hexes
 + Level 0.9 Charms
 + Level 0.9 Summonings
 + Level 0.9 Necromancy
 + Level 0.9 Translocations
 + Level 0.9 Transmutations
 + Level 0.9 Fire Magic
 + Level 0.9 Ice Magic
 + Level 0.9 Air Magic
 + Level 0.9 Earth Magic
 + Level 0.9 Poison Magic
 + Level 1.2 Invocations
 + Level 1.1 Evocations


You had 5 spell levels left.
You didn't know any spells.
Your spell library was empty.

Dungeon Overview and Level Annotations

Branches:
Dungeon (3/15)

Altars:
Ashenzari
Vehumet


Innate Abilities, Weirdness & Mutations

Your experience applies equally to all skills.
You have very sharp teeth.
Your uncanny sense of smell can sniff out nearby items.


Message History

You are too injured to fight recklessly!
You are too injured to fight recklessly!
You are too injured to fight recklessly!
You are too injured to fight recklessly!
You are too injured to fight recklessly!
You are too injured to fight recklessly!
You are too injured to fight recklessly!
You are too injured to fight recklessly!
You are too injured to fight recklessly!
You are too injured to fight recklessly!
You are too injured to fight recklessly!
You are too injured to fight recklessly!
You are too injured to fight recklessly!
You block the goblin's attack.
The orc priest invokes the aid of Beogh against you.
Beogh smites you!
* * * LOW HITPOINT WARNING * * *
The orc priest mumbles some strange prayers to Beogh against you.
Beogh smites you!
You die...

........#
_.§.....# .§.#...#
......# #. #....#
# ##..##....# ...
........oo##.(...
#.g..).o.... .....
#@#####..... #...#
##.## ... #...#
#...# # #...#
#..######## #...#
#.#.......# #...#
#.#.#####.# #...#
#.#.#####.######
#...#
#.#.##.........#
####.#####
#......##.####....


You could see 2 orc priests, an orc and a goblin.

Vanquished Creatures
  An orc wizard (D:3)
  An adder (D:3)
  An ooze (D:1)
  A worm (D:2)
  2 leopard geckos (D:1)
  An orc (D:3)
  2 giant cockroaches
  3 goblins
  11 hobgoblins
  4 kobolds (D:1)
  A quokka (D:2)
  5 bats
  2 frilled lizards
  5 rats
40 creatures vanquished.

Notes
Turn   | Place    | Note
-------+----------+-------------------------------------------
     0 | D:1      | Blackhawk the Gnoll Fighter began the quest for the Orb.
     0 | D:1      | Reached XP level 1. HP: 23/23 MP: 1/1
   112 | D:1      | Reached XP level 2. HP: 29/29 MP: 2/2
   279 | D:1      | Reached XP level 3. HP: 35/35 MP: 3/3
   858 | D:2      | Reached skill level 1 in Invocations
  1193 | D:3      | Reached skill level 1 in Short Blades
  1193 | D:3      | Reached skill level 1 in Long Blades
  1193 | D:3      | Reached skill level 1 in Maces & Flails
  1193 | D:3      | Reached skill level 1 in Polearms
  1193 | D:3      | Reached skill level 1 in Staves
  1193 | D:3      | Reached skill level 1 in Slings
  1193 | D:3      | Reached skill level 1 in Bows
  1193 | D:3      | Reached skill level 1 in Crossbows
  1193 | D:3      | Reached skill level 1 in Throwing
  1193 | D:3      | Reached skill level 1 in Dodging
  1193 | D:3      | Reached skill level 1 in Stealth
  1193 | D:3      | Reached skill level 1 in Unarmed Combat
  1193 | D:3      | Reached skill level 1 in Spellcasting
  1193 | D:3      | Reached skill level 1 in Evocations
  1206 | D:3      | Reached XP level 4. HP: 38/41 MP: 5/5
  1268 | D:3      | Found a shattered altar of Ashenzari.
  1342 | D:3      | Found a radiant altar of Vehumet.
  1352 | D:3      | Killed from afar by an orc priest

Skill      XL: |  1  2  3 |
---------------+----------+-----
Invocations    | 1 |  1.2
Short Blades   | 1 |  1.1
Long Blades    | 1 |  1.1
Maces & Flails | 1 |  1.1
Polearms       | 1 |  1.1
Staves         | 1 |  1.1
Slings         | 1 |  1.1
Bows           | 1 |  1.1
Crossbows      | 1 |  1.1
Throwing       | 1 |  1.1
Dodging        | 1 |  1.1
Stealth        | 1 |  1.1
Unarmed Combat | 1 |  1.1
Spellcasting   | 1 |  1.1
Evocations     | 1 |  1.1
Fighting       | |  6.6
Axes           | |  4.6
Armour         | |  6.6
Shields        | |  6.6
Conjurations   | |  0.9
Hexes          | |  0.9
Charms         | |  0.9
Summonings     | |  0.9
Necromancy     | |  0.9
Translocations | |  0.9
Transmutations | |  0.9
Fire Magic     | |  0.9
Ice Magic      | |  0.9
Air Magic      | |  0.9
Earth Magic    | |  0.9
Poison Magic   | |  0.9

Action                   |  1- 3 |  4- 6 || total
-------------------------+-------+-------++-------
Melee: War axe           |    89 |    22 ||   111
       Bite              |     8 |     2 ||    10
  Eat: Chunk             |       |     2 ||     2
Armor: Scale mail        |    31 |    10 ||    41
Dodge: Dodged            |    27 |     9 ||    36
Block: Shield            |    45 |    25 ||    70
